 Dungeon Crawl Stone Soup version 0.27.1-1-g398f81649c (webtiles) character file.

Game seed: 15619153455053181891

48 MisterFreud the Shield-Bearer (level 3, -3/35 HPs)
             Began as a Gnoll Fighter on Sept 15, 2021.
             Was a Follower of Makhleb.
             Killed from afar by Grinder (12 damage)
             ... with a puff of flame
             ... while paralysed by Grinder
             ... on level 3 of the Dungeon.
             The game lasted 00:02:15 (2014 turns).

MisterFreud the Shield-Bearer (Gnoll Fighter)       Turns: 2014, Time: 00:02:16

Health: -3/35      AC:  8    Str: 15    XL:     3   Next: 72%
Magic:  4/4        EV:  2    Int: 14    God:    Makhleb [*.....]
Gold:   55         SH:  0    Dex: 11    Spells: 3/3 levels left

rFire    . . .     SeeInvis .   a - +0 rapier
rCold    . . .     Faith    .   c - +0 kite shield
rNeg     + . .     Spirit   .   b - +0 scale mail
rPois    .         Reflect  .   i - +1 hat
rElec    .         Harm     .   (no cloak)
rCorr    .         Rampage  .   (no gloves)
Will     .....                  (no boots)
Stlth    ..........             (no amulet)
HPRegen  0.11/turn              n - +6 ring of intelligence
MPRegen  0.09/turn              p - ring of positive energy

@: paralysed, mighty
A: fangs 1, strong nose, distributed training
a: Renounce Religion


You were on level 3 of the Dungeon.
You worshipped Makhleb.
Makhleb was aware of your devotion.
You visited 1 branch of the dungeon, and saw 3 of its levels.

You collected 55 gold pieces.

Inventory:

Hand Weapons
 a - a +0 rapier (weapon)
Armour
 b - a +0 scale mail (worn)
 c - a +0 kite shield (worn)
 i - a +1 hat (worn)
Jewellery
 n - a +6 ring of intelligence (left hand)
 p - a ring of positive energy (right hand)
Scrolls
 e - a scroll of holy word {unknown}
 f - a scroll of amnesia
 g - a scroll of summoning {unknown}
 j - 2 scrolls of identify {unknown}
 k - 2 scrolls of enchant armour {unknown}
 o - a scroll of teleportation {unknown}
Potions
 h - a potion of brilliance {unknown}
 l - a potion of ambrosia {unknown}
 m - a potion of degeneration {unknown}


   Skills:
 + Level 6.5 Fighting
 + Level 4.5 Short Blades
 + Level 0.9 Long Blades
 + Level 0.9 Axes
 + Level 0.9 Maces & Flails
 + Level 0.9 Polearms
 + Level 0.9 Staves
 + Level 0.9 Slings
 + Level 0.9 Bows
 + Level 0.9 Crossbows
 + Level 0.9 Throwing
 + Level 6.5 Armour
 + Level 0.9 Dodging
 + Level 0.9 Stealth
 + Level 6.5 Shields
 + Level 0.9 Unarmed Combat
 + Level 0.9 Spellcasting
 + Level 0.6 Conjurations
 + Level 0.6 Hexes
 + Level 0.6 Summonings
 + Level 0.6 Necromancy
 + Level 0.6 Translocations
 + Level 0.6 Transmutations
 + Level 0.6 Fire Magic
 + Level 0.6 Ice Magic
 + Level 0.6 Air Magic
 + Level 0.6 Earth Magic
 + Level 0.6 Poison Magic
 + Level 1.0 Invocations
 + Level 0.9 Evocations


You had 3 spell levels left.
You didn't know any spells.
Your spell library was empty.

Dungeon Overview and Level Annotations

Branches:
Dungeon (3/15)

Altars:
Makhleb

Shops:
D:1 *

Annotations:
D:3 Grinder


Innate Abilities, Weirdness & Mutations

You have very sharp teeth.
Your uncanny sense of smell can sniff out nearby items.
Your experience applies equally to all skills.


Message History

Grinder completely misses you.
You puncture Grinder!
Grinder is severely wounded.
Grinder gestures at you.
You suddenly lose the ability to move!
Grinder hits you! Grinder hits you but does no damage. Grinder gestures at you.
You resist with significant effort. Grinder hits you but does no damage.
You can move again.
You barely miss Grinder.
Grinder is severely wounded.
Grinder blinks!
Grinder blinks!
You see here 26 stones.
A rat comes into view.
There are monsters nearby!
Grinder blinks!
You see here a ball python corpse.
You closely miss the rat. You block the rat's attack.
You hit the rat.
You kill the rat!
Makhleb accepts your kill.
Grinder blinks!
Found 29 stones.
You see here a rat corpse.
No target in view!
A dart slug comes into view.
Grinder gestures at you.
You suddenly lose the ability to move!
Grinder gestures at you. Pain shoots through your body! Grinder hits you.
You writhe in agony.
* * * LOW HITPOINT WARNING * * *
Grinder says, "Don't move a muscle."
Grinder hits you.
* * * LOW HITPOINT WARNING * * *
Grinder zaps a wand.
The puff of flame hits you!
You die...

#######..... #.....#
#........... #.....#
#.####...### ###.....#
#...<#.#.#
#.......##########.#.#
#................#.#.#
#.....#.....####!#.#.#
#.....#.....#.<#.#.#.###
...(.w5@..†..†(.........
###########..#####.#.###
#........#.#
##.#######.# ∆ ∆ ... ..#
#.## ### #.# ..#


You could see Grinder and a dart slug.

Vanquished Creatures
  A gnoll (D:1)
  An adder (D:3)
  A dart slug (D:2)
  2 bats (D:2)
  2 giant cockroaches
  3 goblins (D:1)
  2 hobgoblins (D:2)
  3 jackals (D:1)
  2 quokkas
  4 ball pythons
  A frilled lizard (D:1)
  2 kobolds
  3 rats
27 creatures vanquished.

Notes
Turn   | Place    | Note
-------+----------+-------------------------------------------
     0 | D:1      | MisterFreud the Gnoll Fighter began the quest for the Orb.
     0 | D:1      | Reached XP level 1. HP: 23/23 MP: 1/1
    44 | D:1      | Reached XP level 2. HP: 5/29 MP: 2/2
   327 | D:1      | Found a faded altar of an unknown god.
   340 | D:1      | Found Cairet's Assorted Antiques.
   348 | D:1      | Became a worshipper of Makhleb the Destroyer
   348 | D:1      | Reached * piety under Makhleb
  1050 | D:1      | Reached XP level 3. HP: 35/35 MP: 3/3
  1942 | D:3      | Reached skill level 1 in Invocations
  1964 | D:3      | Noticed Grinder
  1964 | D:3      | Paralysed by Grinder for 4 turns
  1988 | D:3      | Paralysed by Grinder for 5 turns
  2008 | D:3      | Paralysed by Grinder for 7 turns
  2014 | D:3      | Killed from afar by Grinder

Illustrated notes

Levels and vault maps discovered:
D:1:      dpeg_arrival_round_a, layout_basic, serial_shops,
          nicolae_diamond_shop, chequers_ecumenical_altar_simple
D:2:      layout_basic, minmay_misc_feat_enclosed
D:3:      layout_basic, trog_antimagical, uniq_grinder

Skill      XL: |  1  2  3 |
---------------+----------+-----
Invocations    | 1 |  1.0
Fighting       | |  6.5
Short Blades   | |  4.5
Long Blades    | |  0.9
Axes           | |  0.9
Maces & Flails | |  0.9
Polearms       | |  0.9
Staves         | |  0.9
Slings         | |  0.9
Bows           | |  0.9
Crossbows      | |  0.9
Throwing       | |  0.9
Armour         | |  6.5
Dodging        | |  0.9
Stealth        | |  0.9
Shields        | |  6.5
Unarmed Combat | |  0.9
Spellcasting   | |  0.9
Conjurations   | |  0.6
Hexes          | |  0.6
Summonings     | |  0.6
Necromancy     | |  0.6
Translocations | |  0.6
Transmutations | |  0.6
Fire Magic     | |  0.6
Ice Magic      | |  0.6
Air Magic      | |  0.6
Earth Magic    | |  0.6
Poison Magic   | |  0.6
Evocations     | |  0.9

Action                   || total
-------------------------++-------
Melee: Rapier            ||    81
       Bite              ||     6
  Use: Scroll            ||     1
       Potion            ||     1
Armor: Scale mail        ||    36
Dodge: Dodged            ||    21
Block: Kite shield       ||    37
